Condors vs Barracuda
(R1)
Created - January 8, 2022 at 19:56
Goals
|
Condors |
2 |
1 |
3 |
6 |
Barracuda |
1 |
3 |
1 |
5 |
|
Shots
|
Condors |
12 |
5 |
13 |
30 |
Barracuda |
12 |
12 |
9 |
33 |
|
1st period
1. Condors , Kiefer Sherwood 5 (Clayton Keller 4, Ross Colton 1) at 5:40
2. Condors , Mark Jankowski 7 (Anton Slepyshev 2) at 8:45
3. Barracuda , Sam Carrick 9 (William Carrier 11) at 11:10
Penalties :
Tyler Bozak (Bak) for Hooking (Minor) at 19:32
2nd period
4. Barracuda , William Carrier 13 (Sam Carrick 18) at 0:06 (PP)
5. Barracuda , Cole Ully 6 (Emil Pettersson 7) at 9:43 (PP)
6. Condors , Clayton Keller 3 (Alexandre Carrier 2, Brett Lernout 1) at 12:17
7. Barracuda , Thomas Gobeil 1 (Noah Gregor 1, Jakob Chychrun 1) at 17:40
Penalties :
Louis Leblanc (Bak) for Holding (Minor) at 3:36, Emil Djuse (Bak) for Holding (Minor) at 9:16, Zac Leslie (Bak) for Roughing (Minor) at 15:20, Zac Leslie (Bak) for Goalie Interference (Minor) at 17:51
3rd period
8. Condors , Clayton Keller 4 (Kiefer Sherwood 4, Ross Colton 2) at 3:58
9. Condors , Daniel Zaar 4 (Tyler Bozak 7, Ilya Samsonov) at 11:50
10. Condors , Anton Slepyshev 2 (Alexandre Carrier 3, Mark Jankowski 7) at 12:57
11. Barracuda , Arturs Kulda 2 (Theodor Blueger 6) at 18:57
Penalties :
Brandon Kozun (S.J) for Tripping (Minor) at 1:35, Eric Gustafsson (Bak) for High sticking (Minor) at 14:33, William Carrier (S.J) for Holding (Minor) at 19:52
Goalie Stats
Ilya Samsonov (Bak), 28 saves from 33 shots - (0.848), W, 3-4-0, 60:00 minutes
Oscar Dansk (S.J), 24 saves from 30 shots - (0.800), L, 1-1-0, 59:10 minutes
Players Stats for Condors
Player Name G A P +/- PIM S H SB GA TA FO MP PP MP PK MP
------------------------------------------------------------------------------------
Adam Erne 0 0 0 0 0 1 2 0 0 0 0/0 10:12 0:06 0:00
Alex Tuch 0 0 0 0 0 4 0 1 1 0 2/3 22:40 0:54 5:25
Alexandre Carrier 0 2 2 1 0 1 1 0 0 1 0/0 12:23 0:00 2:29
Anton Slepyshev 1 1 2 1 0 2 3 1 0 0 0/0 14:12 0:06 1:26
Brett Lernout 0 1 1 2 0 0 0 2 0 0 0/0 9:33 0:00 0:00
Carl Gunnarsson 0 0 0 1 0 1 3 2 3 1 0/0 26:58 1:19 5:32
Chris Bigras 0 0 0 0 0 0 1 1 0 0 0/0 17:59 0:47 3:18
Christian Thomas 0 0 0 0 0 0 0 0 0 0 0/0 0:15 0:06 0:00
Clayton Keller 2 1 3 3 0 3 0 0 1 0 0/0 9:38 0:00 0:00
Daniel Zaar 1 0 1 0 0 3 1 1 0 1 2/3 17:27 1:06 0:00
Emil Djuse 0 0 0 1 2 0 0 1 0 0 0/0 5:01 0:00 0:00
Eric Gustafsson 0 0 0 0 2 1 1 0 0 1 0/0 16:55 0:47 2:26
Gustav Olofsson 0 0 0 0 0 0 0 0 0 0 0/0 6:56 0:00 1:15
Jesse Puljujarvi 0 0 0 1 0 1 0 0 0 0 0/0 13:17 0:54 0:00
Kiefer Sherwood 1 1 2 3 0 2 0 0 0 0 0/0 9:38 0:00 0:00
Louis Leblanc 0 0 0 0 2 2 0 0 0 1 3/5 10:57 0:00 0:53
Mark Jankowski 1 1 2 0 0 3 4 2 0 0 9/15 15:56 0:54 2:18
Robby Fabbri 0 0 0 -1 0 1 1 0 0 0 1/2 14:33 1:06 3:08
Ross Colton 0 2 2 3 0 3 0 0 0 1 3/5 9:38 0:00 0:00
Tyler Bozak 0 1 1 0 2 1 4 3 0 0 17/32 22:10 1:06 4:44
Zac Leslie 0 0 0 0 4 1 1 1 0 3 0/0 24:39 1:19 2:54
Players Stats for Barracuda
Player Name G A P +/- PIM S H SB GA TA FO MP PP MP PK MP
------------------------------------------------------------------------------------
Alex Henriksson 0 0 0 -2 0 1 0 0 1 0 0/0 11:10 0:00 0:53
Alex Lintuniemi 0 0 0 0 0 0 0 0 0 0 0/0 4:39 0:00 0:00
Arturs Kulda 1 0 1 0 0 1 0 0 0 1 0/0 27:46 5:53 1:09
Brandon Kozun 0 0 0 0 2 4 1 2 0 0 0/1 21:27 5:09 0:07
Chris Wagner 0 0 0 -2 0 1 1 0 1 0 0/2 11:12 0:00 0:46
Cole Ully 1 0 1 0 0 1 2 0 0 0 0/0 16:27 3:48 0:20
David Shields 0 0 0 -1 0 1 1 1 0 0 0/0 18:23 3:04 0:57
Dennis Cholowski 0 0 0 0 0 0 0 0 0 0 0/0 0:00 0:00 0:00
Drew O'Connor 0 0 0 0 0 0 0 0 0 0 0/0 0:33 0:24 0:00
Emil Pettersson 0 1 1 0 0 2 0 0 0 0 5/9 16:55 3:48 0:48
Jakob Chychrun 0 1 1 -2 0 0 1 1 0 0 0/0 9:12 0:00 0:00
Jerome Gauthier-Leduc 0 0 0 0 0 0 0 0 0 0 0/0 4:39 0:00 0:00
Justin Shugg 0 0 0 0 0 0 2 1 1 0 0/0 16:07 3:48 0:00
Luca Sbisa 0 0 0 0 0 3 0 2 2 0 0/0 27:46 5:53 1:09
Michael Pezzetta 0 0 0 0 0 0 0 0 0 0 0/0 0:14 0:09 0:00
Noah Gregor 0 1 1 -1 0 2 0 0 0 0 1/6 10:09 0:00 0:00
Robin Norell 0 0 0 -2 0 0 0 1 0 0 0/0 9:12 0:00 0:00
Sam Carrick 1 1 2 0 0 4 0 2 1 2 17/37 22:05 4:53 1:05
Samuel Groulx 0 0 0 -1 0 1 0 0 1 1 0/0 18:23 3:04 0:57
Tanner Jeannot 0 0 0 -1 0 4 1 0 0 1 0/0 10:09 0:00 0:00
Theodor Blueger 0 1 1 -2 0 2 1 0 0 0 4/7 10:30 0:00 0:13
Thomas Gobeil 1 0 1 -1 0 2 1 1 1 0 0/0 10:09 0:00 0:00
William Carrier 1 1 2 0 2 4 0 0 1 0 1/3 20:45 4:52 0:00
3 Stars
1 - Clayton Keller (Bak)
2 - Kiefer Sherwood (Bak)
3 - Anton Slepyshev (Bak)
Power Play
Condors - 0 on 2 Attempt(s) - 0.00%
Barracuda - 2 on 6 Attempt(s) - 33.33%
Penalty Kill
Condors - 4 on 6 Attempt(s) - 66.67%
- Score 0 goal in Penalty Kill
Barracuda - 2 on 2 Attempt(s) - 100.00%
- Score 0 goal in Penalty Kill
Team Stat
Condors - Hits : 22 - Faceoff Wins : 37 - Blocked Shots : 15 - Penalty Minutes : 12
Barracuda - Hits : 11 - Faceoff Wins : 28 - Blocked Shots : 11 - Penalty Minutes : 4
Official
Referees : Ghislain Hebert and Jon McIsaac
Linesman : James Tobias and Travis Toomey
Game Notes
12:57 of 3rd period - Condors goal is going for a video replay. After video review, Goal.
Finance
Level 1 -- Attendance: 2000 (100.00%) -- Ticket Income $70,000
Level 2 -- Attendance: 866 (86.60%) -- Ticket Income $12,990
Total Attendance: 2866 (95.53%)
Total Ticket Income: $82,990
Other Income: $4,150
Total Income: $87,140
Condors
5 vs 5 Forward
Center Left Wing Right Wing Time % Phy DF OF
1 Tyler Bozak Alex Tuch Daniel Zaar 40 1 2 2
2 Mark Jankowski Anton Slepyshev Jesse Puljujarvi 30 1 2 2
3 Louis Leblanc Robby Fabbri Adam Erne 20 1 2 2
4 Ross Colton Kiefer Sherwood Clayton Keller 10 1 2 2
5 vs 5 Defense
Defense Defense Time % Phy DF OF
1 Carl Gunnarsson Zac Leslie 40 1 2 2
2 Chris Bigras Eric Gustafsson 30 1 2 2
3 Brett Lernout Alexandre Carrier 20 1 2 2
4 Gustav Olofsson Emil Djuse 10 1 2 2
PowerPlay Forward
Center Left Wing Right Wing Time % Phy DF OF
1 Tyler Bozak Robby Fabbri Daniel Zaar 60 1 2 2
2 Mark Jankowski Alex Tuch Jesse Puljujarvi 40 1 2 2
PowerPlay Defense
Defense Defense Time % Phy DF OF
1 Carl Gunnarsson Zac Leslie 60 1 2 2
2 Chris Bigras Eric Gustafsson 40 1 2 2
Penalty Kill 4 Players Forward
Center Wing Time % Phy DF OF
1 Tyler Bozak Alex Tuch 60 1 2 2
2 Mark Jankowski Robby Fabbri 40 1 2 2
Penalty Kill 4 Players Defense
Defense Defense Time % Phy DF OF
1 Carl Gunnarsson Zac Leslie 60 1 2 2
2 Chris Bigras Eric Gustafsson 40 1 2 2
Penalty Kill - 3 Players Forward
Forward Time % Phy DF OF
1 Tyler Bozak 60 1 2 2
2 Mark Jankowski 40 1 2 2
Penalty Kill - 3 Players Defense
Defense Defense Time % Phy DF OF
1 Carl Gunnarsson Zac Leslie 60 1 2 2
2 Chris Bigras Eric Gustafsson 40 1 2 2
4 vs 4 Forward
Center Wing Time % Phy DF OF
1 Tyler Bozak Alex Tuch 60 1 2 2
2 Mark Jankowski Robby Fabbri 40 1 2 2
4 vs 4 Defense
Defense Defense Time % Phy DF OF
1 Carl Gunnarsson Zac Leslie 60 1 2 2
2 Chris Bigras Eric Gustafsson 40 1 2 2
Last Minutes Offensive
Center Left Wing Right Wing Defense Defense
Tyler Bozak Alex Tuch Daniel Zaar Carl Gunnarsson Zac Leslie
Last Minutes Defensive
Center Left Wing Right Wing Defense Defense
Tyler Bozak Alex Tuch Daniel Zaar Carl Gunnarsson Zac Leslie
Goaltenders
Starting : Ilya Samsonov
Backup : Mark Visentin
Extra Forwards
Normal : Robby Fabbri, Anton Slepyshev, Adam Erne - PP : Robby Fabbri, Anton Slepyshev - PK : Robby Fabbri
Extra Defensemen
Normal : Alexandre Carrier, Gustav Olofsson, Emil Djuse - PP : Alexandre Carrier - PK : Alexandre Carrier, Gustav Olofsson
Penalty Shots
Tyler Bozak, Mark Jankowski, Daniel Zaar, Alex Tuch, Robby Fabbri
Scratches
Anders Bjork (Healthy), C.J Suess (Healthy), Cole Cassels (Healthy), Colin White (Healthy), Connor Hurley (Healthy)
Jeremy Gregoire (Healthy), Jordan Subban (Healthy), Nick Merkley (Healthy), Remi Elie (Healthy), William Lockwood (Healthy)
Nikolai Knyzhov (Healthy), Lucas Johansen (Healthy), Jack Campbell (Healthy)
Barracuda
5 vs 5 Forward
Center Left Wing Right Wing Time % Phy DF OF
1 Sam Carrick William Carrier Brandon Kozun 40 1 2 2
2 Emil Pettersson Cole Ully Justin Shugg 30 1 2 2
3 Theodor Blueger Alex Henriksson Chris Wagner 20 1 2 2
4 Noah Gregor Tanner Jeannot Thomas Gobeil 10 1 2 2
5 vs 5 Defense
Defense Defense Time % Phy DF OF
1 Arturs Kulda Luca Sbisa 40 1 2 2
2 Samuel Groulx David Shields 30 1 2 2
3 Robin Norell Jakob Chychrun 20 1 2 2
4 Jerome Gauthier-Leduc Alex Lintuniemi 10 1 2 2
PowerPlay Forward
Center Left Wing Right Wing Time % Phy DF OF
1 Sam Carrick William Carrier Brandon Kozun 60 1 2 2
2 Emil Pettersson Cole Ully Justin Shugg 40 1 2 2
PowerPlay Defense
Defense Defense Time % Phy DF OF
1 Arturs Kulda Luca Sbisa 60 1 2 2
2 Samuel Groulx David Shields 40 1 2 2
Penalty Kill 4 Players Forward
Center Wing Time % Phy DF OF
1 Sam Carrick Brandon Kozun 60 1 2 2
2 William Carrier Emil Pettersson 40 1 2 2
Penalty Kill 4 Players Defense
Defense Defense Time % Phy DF OF
1 Arturs Kulda Luca Sbisa 60 1 2 2
2 Samuel Groulx David Shields 40 1 2 2
Penalty Kill - 3 Players Forward
Forward Time % Phy DF OF
1 Sam Carrick 60 1 2 2
2 Brandon Kozun 40 1 2 2
Penalty Kill - 3 Players Defense
Defense Defense Time % Phy DF OF
1 Arturs Kulda Luca Sbisa 60 1 2 2
2 Samuel Groulx David Shields 40 1 2 2
4 vs 4 Forward
Center Wing Time % Phy DF OF
1 Sam Carrick Brandon Kozun 60 1 2 2
2 William Carrier Emil Pettersson 40 1 2 2
4 vs 4 Defense
Defense Defense Time % Phy DF OF
1 Arturs Kulda Luca Sbisa 60 1 2 2
2 Samuel Groulx David Shields 40 1 2 2
Last Minutes Offensive
Center Left Wing Right Wing Defense Defense
Sam Carrick William Carrier Brandon Kozun Arturs Kulda Luca Sbisa
Last Minutes Defensive
Center Left Wing Right Wing Defense Defense
Sam Carrick William Carrier Brandon Kozun Arturs Kulda Luca Sbisa
Goaltenders
Starting : Oscar Dansk
Backup : Joacim Eriksson
Extra Forwards
Normal : Drew O'Connor, Michael Pezzetta, Chris Wagner - PP : Drew O'Connor, Michael Pezzetta - PK : Chris Wagner
Extra Defensemen
Normal : Dennis Cholowski, Robin Norell, Jakob Chychrun - PP : Dennis Cholowski - PK : Robin Norell, Jakob Chychrun
Penalty Shots
Sam Carrick, Brandon Kozun, William Carrier, Emil Pettersson, Justin Shugg
Scratches
Mario Lucia (Severed Right Wrist Tendon Injury), Kevin Lankinen (Healthy)
% Time on Ice - Condors
Lines # - Real PCT - Wanted PCT - Time Play
Normal Forward
1 - 33% - 40% - 15:43
2 - 27% - 30% - 12:44
3 - 21% - 20% - 9:57
4 - 20% - 10% - 9:38
Normal Defense
1 - 41% - 40% - 19:33
2 - 29% - 30% - 13:54
3 - 20% - 20% - 9:33
4 - 10% - 10% - 5:02
PP Forward
1 - 57% - 60% - 1:12
2 - 43% - 40% - 0:54
PP Defense
1 - 63% - 60% - 1:19
2 - 37% - 40% - 0:47
PK Forward
1 - 77% - 60% - 6:51
2 - 23% - 40% - 2:06
PK Defense
1 - 63% - 60% - 5:39
2 - 37% - 40% - 3:18
PK3 Forward
1 - 0% - 60%
2 - 0% - 40%
PK3 Defense
1 - 0% - 60%
2 - 0% - 40%
44 Forward
1 - 0% - 60%
2 - 0% - 40%
44 Defense
1 - 0% - 60%
2 - 0% - 40%
Last Minute Offensive - 0:00
Last Minute Defensive - 0:55
Total
Forward - 60:00
Defense - 60:00
|
% Time on Ice - Barracuda
Lines # - Real PCT - Wanted PCT - Time Play
Normal Forward
1 - 32% - 40% - 15:17
2 - 26% - 30% - 12:19
3 - 21% - 20% - 10:17
4 - 21% - 10% - 10:09
Normal Defense
1 - 41% - 40% - 19:49
2 - 30% - 30% - 14:22
3 - 19% - 20% - 9:12
4 - 10% - 10% - 4:39
PP Forward
1 - 58% - 60% - 5:09
2 - 42% - 40% - 3:48
PP Defense
1 - 66% - 60% - 5:53
2 - 34% - 40% - 3:04
PK Forward
1 - 100% - 60% - 2:06
2 - 0% - 40% - 0:00
PK Defense
1 - 55% - 60% - 1:09
2 - 45% - 40% - 0:57
PK3 Forward
1 - 0% - 60%
2 - 0% - 40%
PK3 Defense
1 - 0% - 60%
2 - 0% - 40%
44 Forward
1 - 0% - 60%
2 - 0% - 40%
44 Defense
1 - 0% - 60%
2 - 0% - 40%
Last Minute Offensive - 0:55
Last Minute Defensive - 0:00
Total
Forward - 60:00
Defense - 60:00
|
Play-by-Play
1st period
0:01 of 1st period - Sam Carrick wins face-off versus Tyler Bozak in neutral zone.
1:10 of 1st period - Snap shot by Kiefer Sherwood.
1:10 of 1st period - Shot Blocked by David Shields.
1:38 of 1st period - Snap shot by Tyler Bozak.
1:38 of 1st period - Shot Blocked by Jakob Chychrun.
1:54 of 1st period - Snap shot by Mark Jankowski.
1:54 of 1st period - Shot Misses the Net.
2:38 of 1st period - Snap shot by Alex Tuch.
2:38 of 1st period - Stopped by Oscar Dansk without a rebound.
2:39 of 1st period - Tyler Bozak wins face-off versus Sam Carrick in Barracuda zone.
3:02 of 1st period - Justin Shugg is hit by Tyler Bozak and loses puck.
3:19 of 1st period - Snap shot by Alex Tuch.
3:19 of 1st period - Shot Misses the Net.
3:23 of 1st period - Backhand shot by Daniel Zaar.
3:23 of 1st period - Stopped by Oscar Dansk with a rebound.
3:49 of 1st period - Slapshot by Alex Tuch.
3:49 of 1st period - Stopped by Oscar Dansk without a rebound.
3:50 of 1st period - Mark Jankowski wins face-off versus Brandon Kozun in Barracuda zone.
5:00 of 1st period - Alex Henriksson is hit by Mark Jankowski.
5:34 of 1st period - Off-side.
5:35 of 1st period - Ross Colton wins face-off versus Noah Gregor in neutral zone.
5:40 of 1st period - Wrist shot by Kiefer Sherwood.
5:40 of 1st period - Goal by Kiefer Sherwood - Condors : 1 - Barracuda : 0.
5:41 of 1st period - Sam Carrick wins face-off versus Tyler Bozak in neutral zone.
6:17 of 1st period - Snap shot by Chris Wagner.
6:17 of 1st period - Shot Blocked by Mark Jankowski.
6:37 of 1st period - Slapshot by Emil Pettersson.
6:37 of 1st period - Stopped by Ilya Samsonov with a rebound.
7:19 of 1st period - Wrist shot by Sam Carrick.
7:19 of 1st period - Shot Blocked by Tyler Bozak.
7:53 of 1st period - Snap shot by Alex Henriksson.
7:53 of 1st period - Stopped by Ilya Samsonov with a rebound.
7:55 of 1st period - Slapshot by Samuel Groulx.
7:55 of 1st period - Deflect By Thomas Gobeil.
7:55 of 1st period - Stopped by Ilya Samsonov without a rebound.
7:56 of 1st period - Louis Leblanc wins face-off versus Noah Gregor in Condors zone.
7:58 of 1st period - Icing by Adam Erne.
7:59 of 1st period - Louis Leblanc wins face-off versus Noah Gregor in Condors zone.
8:10 of 1st period - Slapshot by Jerome Gauthier-Leduc.
8:10 of 1st period - Shot Misses the Net.
8:12 of 1st period - Slapshot by Alex Lintuniemi.
8:12 of 1st period - Deflect By Noah Gregor.
8:12 of 1st period - Shot Blocked by Emil Djuse.
8:12 of 1st period - Puck is out of play.
8:13 of 1st period - Sam Carrick wins face-off versus Tyler Bozak in Condors zone.
8:16 of 1st period - Wrist shot by William Carrier.
8:16 of 1st period - Shot Blocked by Alex Tuch.
8:40 of 1st period - Samuel Groulx is hit by Mark Jankowski and loses puck.
8:45 of 1st period - Wrist shot by Mark Jankowski.
8:45 of 1st period - Goal by Mark Jankowski - Condors : 2 - Barracuda : 0.
8:46 of 1st period - Sam Carrick wins face-off versus Tyler Bozak in neutral zone.
9:12 of 1st period - Arturs Kulda is hit by Adam Erne.
9:24 of 1st period - Wrist shot by Brandon Kozun.
9:24 of 1st period - Stopped by Ilya Samsonov without a rebound.
9:25 of 1st period - Mark Jankowski wins face-off versus Emil Pettersson in Condors zone.
9:25 of 1st period - Mark Jankowski is hit by Justin Shugg.
9:33 of 1st period - Snap shot by Mark Jankowski.
9:33 of 1st period - Shot Misses the Net.
9:56 of 1st period - Wrist shot by Kiefer Sherwood.
9:56 of 1st period - Stopped by Oscar Dansk with a rebound.
9:58 of 1st period - Slapshot by Ross Colton.
9:58 of 1st period - Shot Hit the Post.
10:02 of 1st period - Snap shot by Clayton Keller.
10:02 of 1st period - Stopped by Oscar Dansk with a rebound.
10:04 of 1st period - Slapshot by Zac Leslie.
10:04 of 1st period - Deflect By Arturs Kulda.
10:04 of 1st period - Stopped by Oscar Dansk without a rebound.
10:05 of 1st period - Tyler Bozak wins face-off versus Sam Carrick in Barracuda zone.
10:13 of 1st period - Off-side.
10:14 of 1st period - Tyler Bozak wins face-off versus Sam Carrick in neutral zone.
10:41 of 1st period - Snap shot by Sam Carrick.
10:41 of 1st period - Deflect By Brandon Kozun.
10:41 of 1st period - Shot Misses the Net.
10:41 of 1st period - Puck is out of play.
10:42 of 1st period - Theodor Blueger wins face-off versus Mark Jankowski in Condors zone.
10:43 of 1st period - Slapshot by Chris Wagner.
10:43 of 1st period - Deflect By Theodor Blueger.
10:43 of 1st period - Stopped by Ilya Samsonov without a rebound.
10:44 of 1st period - Mark Jankowski wins face-off versus Chris Wagner in Condors zone.
10:51 of 1st period - Mark Jankowski is hit by Theodor Blueger and loses puck.
10:56 of 1st period - Snap shot by Chris Wagner.
10:56 of 1st period - Stopped by Ilya Samsonov without a rebound.
10:57 of 1st period - Sam Carrick wins face-off versus Mark Jankowski in Condors zone.
11:02 of 1st period - Snap shot by Sam Carrick.
11:02 of 1st period - Stopped by Ilya Samsonov without a rebound.
11:03 of 1st period - Sam Carrick wins face-off versus Mark Jankowski in Condors zone.
11:10 of 1st period - Slapshot by Sam Carrick.
11:10 of 1st period - Goal by Sam Carrick - Condors : 2 - Barracuda : 1.
11:11 of 1st period - Sam Carrick wins face-off versus Tyler Bozak in neutral zone.
11:45 of 1st period - Slapshot by Emil Pettersson.
11:45 of 1st period - Stopped by Ilya Samsonov without a rebound.
11:46 of 1st period - Mark Jankowski wins face-off versus Theodor Blueger in Condors zone.
11:55 of 1st period - Wrist shot by Mark Jankowski.
11:55 of 1st period - Stopped by Oscar Dansk without a rebound.
11:56 of 1st period - Mark Jankowski wins face-off versus Chris Wagner in Barracuda zone.
12:20 of 1st period - Wrist shot by Anton Slepyshev.
12:20 of 1st period - Stopped by Oscar Dansk with a rebound.
12:56 of 1st period - Wrist shot by Theodor Blueger.
12:56 of 1st period - Stopped by Ilya Samsonov without a rebound.
12:57 of 1st period - Tyler Bozak wins face-off versus Sam Carrick in Condors zone.
14:37 of 1st period - Icing by David Shields.
14:38 of 1st period - Mark Jankowski wins face-off versus Emil Pettersson in Barracuda zone.
14:59 of 1st period - Wrist shot by William Carrier.
14:59 of 1st period - Shot Misses the Net.
15:05 of 1st period - Arturs Kulda is hit by Alexandre Carrier and loses puck.
15:20 of 1st period - Snap shot by Tyler Bozak.
15:20 of 1st period - Stopped by Oscar Dansk with a rebound.
15:26 of 1st period - Snap shot by Daniel Zaar.
15:26 of 1st period - Shot Blocked by Brandon Kozun.
15:28 of 1st period - Slapshot by Emil Djuse.
15:28 of 1st period - Shot Blocked by Luca Sbisa.
15:34 of 1st period - Backhand shot by William Carrier.
15:34 of 1st period - Stopped by Ilya Samsonov with a rebound.
15:40 of 1st period - Snap shot by Brandon Kozun.
15:40 of 1st period - Stopped by Ilya Samsonov with a rebound.
16:02 of 1st period - Snap shot by Justin Shugg.
16:02 of 1st period - Shot Misses the Net.
16:30 of 1st period - Wrist shot by Alex Henriksson.
16:30 of 1st period - Shot Blocked by Tyler Bozak.
16:32 of 1st period - Wrist shot by Alex Henriksson.
16:32 of 1st period - Shot Blocked by Brett Lernout.
16:34 of 1st period - Backhand shot by Arturs Kulda.
16:34 of 1st period - Shot Blocked by Tyler Bozak.
16:36 of 1st period - Wrist shot by Arturs Kulda.
16:36 of 1st period - Shot Misses the Net.
17:06 of 1st period - Carl Gunnarsson is hit by Cole Ully and loses puck.
19:23 of 1st period - Wrist shot by Clayton Keller.
19:23 of 1st period - Shot Blocked by Thomas Gobeil.
19:25 of 1st period - Wrist shot by Ross Colton.
19:25 of 1st period - Stopped by Oscar Dansk without a rebound.
19:26 of 1st period - Emil Pettersson wins face-off versus Tyler Bozak in Barracuda zone.
19:32 of 1st period - Minor Penalty to Tyler Bozak for Hooking.
19:33 of 1st period - Robby Fabbri wins face-off versus Sam Carrick in Condors zone.
19:59 of 1st period - Carl Gunnarsson is hit by Justin Shugg and loses puck.
Goals for this period are 2 for Condors vs 1 for Barracuda.
Shots for this period are 12 for Condors vs 12 for Barracuda.
2nd period
0:01 of 2nd period - William Carrier wins face-off versus Robby Fabbri in neutral zone.
0:06 of 2nd period - Wrist shot by William Carrier.
0:06 of 2nd period - Goal by William Carrier - Condors : 2 - Barracuda : 2.
0:07 of 2nd period - Tyler Bozak wins face-off versus Sam Carrick in neutral zone.
0:59 of 2nd period - Snap shot by Robby Fabbri.
0:59 of 2nd period - Stopped by Oscar Dansk with a rebound.
1:01 of 2nd period - Snap shot by Louis Leblanc.
1:01 of 2nd period - Stopped by Oscar Dansk without a rebound.
1:02 of 2nd period - Sam Carrick wins face-off versus Tyler Bozak in Barracuda zone.
1:27 of 2nd period - Jakob Chychrun is hit by Anton Slepyshev and loses puck.
1:49 of 2nd period - Off-side.
1:50 of 2nd period - Theodor Blueger wins face-off versus Louis Leblanc in neutral zone.
1:57 of 2nd period - Slapshot by Adam Erne.
1:57 of 2nd period - Stopped by Oscar Dansk without a rebound.
1:58 of 2nd period - Sam Carrick wins face-off versus Tyler Bozak in Barracuda zone.
1:58 of 2nd period - Sam Carrick is hit by Carl Gunnarsson.
2:03 of 2nd period - Off-side.
2:04 of 2nd period - Tyler Bozak wins face-off versus Sam Carrick in neutral zone.
2:07 of 2nd period - Snap shot by Alex Tuch.
2:07 of 2nd period - Stopped by Oscar Dansk with a rebound.
2:09 of 2nd period - Snap shot by Tyler Bozak.
2:09 of 2nd period - Shot Blocked by Luca Sbisa.
2:29 of 2nd period - Snap shot by Sam Carrick.
2:29 of 2nd period - Shot Misses the Net.
2:31 of 2nd period - Snap shot by Sam Carrick.
2:31 of 2nd period - Shot Misses the Net.
2:39 of 2nd period - Brandon Kozun is hit by Tyler Bozak and loses puck.
2:53 of 2nd period - Off-side.
2:54 of 2nd period - Emil Pettersson wins face-off versus Mark Jankowski in neutral zone.
3:19 of 2nd period - Carl Gunnarsson is hit by Chris Wagner and loses puck.
3:36 of 2nd period - Minor Penalty to Louis Leblanc for Holding.
3:37 of 2nd period - Alex Tuch wins face-off versus Sam Carrick in Condors zone.
4:10 of 2nd period - Backhand shot by Luca Sbisa.
4:10 of 2nd period - Stopped by Ilya Samsonov without a rebound.
4:11 of 2nd period - Mark Jankowski wins face-off versus William Carrier in Condors zone.
5:36 of 2nd period - Penalty to Louis Leblanc is over, Louis Leblanc is back on ice.
6:57 of 2nd period - Slapshot by Noah Gregor.
6:57 of 2nd period - Stopped by Ilya Samsonov with a rebound.
8:03 of 2nd period - Emil Pettersson is hit by Eric Gustafsson and loses puck.
8:26 of 2nd period - Snap shot by Tanner Jeannot.
8:26 of 2nd period - Stopped by Ilya Samsonov with a rebound.
8:36 of 2nd period - Snap shot by Tanner Jeannot.
8:36 of 2nd period - Stopped by Ilya Samsonov with a rebound.
9:10 of 2nd period - Theodor Blueger is hit by Tyler Bozak and loses puck.
9:16 of 2nd period - Minor Penalty to Emil Djuse for Holding.
9:17 of 2nd period - Tyler Bozak wins face-off versus Sam Carrick in Condors zone.
9:43 of 2nd period - Snap shot by Cole Ully.
9:43 of 2nd period - Goal by Cole Ully - Condors : 2 - Barracuda : 3.
9:44 of 2nd period - Daniel Zaar wins face-off versus Sam Carrick in neutral zone.
10:09 of 2nd period - Cole Ully is hit by Mark Jankowski and loses puck.
11:00 of 2nd period - Wrist shot by Tanner Jeannot.
11:00 of 2nd period - Stopped by Ilya Samsonov with a rebound.
11:02 of 2nd period - Snap shot by Tanner Jeannot.
11:02 of 2nd period - Shot Misses the Net.
11:09 of 2nd period - Icing by Zac Leslie.
11:10 of 2nd period - Sam Carrick wins face-off versus Tyler Bozak in Condors zone.
11:19 of 2nd period - Snap shot by Brandon Kozun.
11:19 of 2nd period - Deflect By Alex Tuch.
11:19 of 2nd period - Stopped by Ilya Samsonov without a rebound.
11:20 of 2nd period - Tyler Bozak wins face-off versus Sam Carrick in Condors zone.
11:31 of 2nd period - William Carrier is hit by Tyler Bozak and loses puck.
12:17 of 2nd period - Wrist shot by Clayton Keller.
12:17 of 2nd period - Goal by Clayton Keller - Condors : 3 - Barracuda : 3.
12:18 of 2nd period - Sam Carrick wins face-off versus Tyler Bozak in neutral zone.
12:25 of 2nd period - Slapshot by Luca Sbisa.
12:25 of 2nd period - Shot Blocked by Zac Leslie.
12:27 of 2nd period - Wrist shot by Brandon Kozun.
12:27 of 2nd period - Shot Blocked by Carl Gunnarsson.
12:33 of 2nd period - Snap shot by William Carrier.
12:33 of 2nd period - Stopped by Ilya Samsonov without a rebound.
12:34 of 2nd period - Emil Pettersson wins face-off versus Mark Jankowski in Condors zone.
12:44 of 2nd period - Jesse Puljujarvi is hit by Cole Ully and loses puck.
12:59 of 2nd period - Brandon Kozun is hit by Chris Bigras and loses puck.
15:20 of 2nd period - Minor Penalty to Zac Leslie for Roughing.
15:21 of 2nd period - Emil Pettersson wins face-off versus Tyler Bozak in Condors zone.
17:20 of 2nd period - Penalty to Zac Leslie is over, Zac Leslie is back on ice.
17:32 of 2nd period - Slapshot by Jakob Chychrun.
17:32 of 2nd period - Shot Blocked by Mark Jankowski.
17:34 of 2nd period - Slapshot by Noah Gregor.
17:34 of 2nd period - Stopped by Ilya Samsonov with a rebound.
17:36 of 2nd period - Wrist shot by Thomas Gobeil.
17:36 of 2nd period - Shot Misses the Net.
17:38 of 2nd period - Snap shot by Noah Gregor.
17:38 of 2nd period - Shot Misses the Net.
17:40 of 2nd period - Wrist shot by Thomas Gobeil.
17:40 of 2nd period - Goal by Thomas Gobeil - Condors : 3 - Barracuda : 4.
17:41 of 2nd period - Tyler Bozak wins face-off versus Emil Pettersson in neutral zone.
17:51 of 2nd period - Minor Penalty to Zac Leslie for Goalie Interference.
17:52 of 2nd period - Tyler Bozak wins face-off versus Sam Carrick in Condors zone.
18:08 of 2nd period - Snap shot by William Carrier.
18:08 of 2nd period - Stopped by Ilya Samsonov with a rebound.
18:18 of 2nd period - Cole Ully is hit by Mark Jankowski and loses puck.
19:43 of 2nd period - Carl Gunnarsson is hit by Brandon Kozun and loses puck.
19:51 of 2nd period - Penalty to Zac Leslie is over, Zac Leslie is back on ice.
19:57 of 2nd period - Off-side.
19:58 of 2nd period - Ross Colton wins face-off versus Theodor Blueger in neutral zone.
Goals for this period are 1 for Condors vs 3 for Barracuda.
Shots for this period are 5 for Condors vs 12 for Barracuda.
3rd period
0:01 of 3rd period - Tyler Bozak wins face-off versus Sam Carrick in neutral zone.
0:10 of 3rd period - Slapshot by Luca Sbisa.
0:10 of 3rd period - Stopped by Ilya Samsonov with a rebound.
0:26 of 3rd period - Luca Sbisa is hit by Anton Slepyshev and loses puck.
0:31 of 3rd period - Wrist shot by Mark Jankowski.
0:31 of 3rd period - Shot Misses the Net.
0:37 of 3rd period - Wrist shot by Mark Jankowski.
0:37 of 3rd period - Shot Blocked by Justin Shugg.
1:06 of 3rd period - Slapshot by Samuel Groulx.
1:06 of 3rd period - Stopped by Ilya Samsonov without a rebound.
1:07 of 3rd period - Noah Gregor wins face-off versus Ross Colton in Condors zone.
1:10 of 3rd period - Slapshot by Samuel Groulx.
1:10 of 3rd period - Shot Misses the Net.
1:12 of 3rd period - Slapshot by David Shields.
1:12 of 3rd period - Stopped by Ilya Samsonov with a rebound.
1:35 of 3rd period - Minor Penalty to Brandon Kozun for Tripping.
1:36 of 3rd period - Tyler Bozak wins face-off versus Sam Carrick in Barracuda zone.
3:35 of 3rd period - Penalty to Brandon Kozun is over, Brandon Kozun is back on ice.
3:39 of 3rd period - Wrist shot by Brandon Kozun.
3:39 of 3rd period - Shot Misses the Net.
3:41 of 3rd period - Slapshot by Luca Sbisa.
3:41 of 3rd period - Shot Blocked by Chris Bigras.
3:43 of 3rd period - Snap shot by Brandon Kozun.
3:43 of 3rd period - Stopped by Ilya Samsonov without a rebound.
3:44 of 3rd period - Ross Colton wins face-off versus Noah Gregor in Condors zone.
3:44 of 3rd period - Ross Colton is hit by Tanner Jeannot.
3:56 of 3rd period - Wrist shot by Ross Colton.
3:56 of 3rd period - Deflect By Jakob Chychrun.
3:56 of 3rd period - Stopped by Oscar Dansk with a rebound.
3:58 of 3rd period - Wrist shot by Kiefer Sherwood.
3:58 of 3rd period - Deflect By Clayton Keller.
3:58 of 3rd period - Goal by Clayton Keller - Condors : 4 - Barracuda : 4.
3:59 of 3rd period - Tyler Bozak wins face-off versus Sam Carrick in neutral zone.
4:08 of 3rd period - Slapshot by Daniel Zaar.
4:08 of 3rd period - Shot Misses the Net.
4:24 of 3rd period - Luca Sbisa is hit by Anton Slepyshev and loses puck.
4:45 of 3rd period - Wrist shot by Eric Gustafsson.
4:45 of 3rd period - Stopped by Oscar Dansk without a rebound.
4:46 of 3rd period - Sam Carrick wins face-off versus Ross Colton in Barracuda zone.
4:56 of 3rd period - Snap shot by Zac Leslie.
4:56 of 3rd period - Shot Blocked by Sam Carrick.
5:12 of 3rd period - Cole Ully is hit by Carl Gunnarsson and loses puck.
5:19 of 3rd period - Wrist shot by Justin Shugg.
5:19 of 3rd period - Deflect By Emil Pettersson.
5:19 of 3rd period - Shot Blocked by Daniel Zaar.
5:19 of 3rd period - Puck is out of play.
5:20 of 3rd period - Sam Carrick wins face-off versus Tyler Bozak in Condors zone.
5:27 of 3rd period - Wrist shot by Sam Carrick.
5:27 of 3rd period - Stopped by Ilya Samsonov with a rebound.
5:33 of 3rd period - Slapshot by Eric Gustafsson.
5:33 of 3rd period - Shot Blocked by Sam Carrick.
5:35 of 3rd period - Snap shot by Chris Bigras.
5:35 of 3rd period - Shot Blocked by Robin Norell.
6:41 of 3rd period - Thomas Gobeil is hit by Zac Leslie.
6:45 of 3rd period - Luca Sbisa is hit by Carl Gunnarsson and loses puck.
6:52 of 3rd period - Wrist shot by Clayton Keller.
6:52 of 3rd period - Shot Misses the Net.
8:32 of 3rd period - Snap shot by Tanner Jeannot.
8:32 of 3rd period - Stopped by Ilya Samsonov with a rebound.
8:34 of 3rd period - Wrist shot by Noah Gregor.
8:34 of 3rd period - Shot Misses the Net.
8:48 of 3rd period - Slapshot by Carl Gunnarsson.
8:48 of 3rd period - Stopped by Oscar Dansk with a rebound.
9:06 of 3rd period - Snap shot by Ross Colton.
9:06 of 3rd period - Stopped by Oscar Dansk with a rebound.
9:20 of 3rd period - Snap shot by Ross Colton.
9:20 of 3rd period - Shot Misses the Net.
9:23 of 3rd period - Icing by Noah Gregor.
9:24 of 3rd period - Alex Tuch wins face-off versus Noah Gregor in Barracuda zone.
10:15 of 3rd period - Snap shot by Mark Jankowski.
10:15 of 3rd period - Stopped by Oscar Dansk without a rebound.
10:16 of 3rd period - Sam Carrick wins face-off versus Daniel Zaar in Barracuda zone.
10:16 of 3rd period - Sam Carrick is hit by Daniel Zaar.
10:42 of 3rd period - Justin Shugg is hit by Adam Erne and loses puck.
10:53 of 3rd period - Snap shot by Robby Fabbri.
10:53 of 3rd period - Shot Misses the Net.
10:55 of 3rd period - Slapshot by Louis Leblanc.
10:55 of 3rd period - Stopped by Oscar Dansk with a rebound.
11:50 of 3rd period - Snap shot by Daniel Zaar.
11:50 of 3rd period - Goal by Daniel Zaar - Condors : 5 - Barracuda : 4.
11:51 of 3rd period - Mark Jankowski wins face-off versus William Carrier in neutral zone.
11:58 of 3rd period - Slapshot by Jesse Puljujarvi.
11:58 of 3rd period - Stopped by Oscar Dansk with a rebound.
12:00 of 3rd period - Snap shot by Chris Bigras.
12:00 of 3rd period - Shot Misses the Net.
12:02 of 3rd period - Wrist shot by Eric Gustafsson.
12:02 of 3rd period - Shot Misses the Net.
12:04 of 3rd period - Slapshot by Chris Bigras.
12:04 of 3rd period - Shot Blocked by Brandon Kozun.
12:16 of 3rd period - Daniel Zaar is hit by Jakob Chychrun and loses puck.
12:23 of 3rd period - Snap shot by Alexandre Carrier.
12:23 of 3rd period - Stopped by Oscar Dansk without a rebound.
12:24 of 3rd period - Emil Pettersson wins face-off versus Alex Tuch in Barracuda zone.
12:53 of 3rd period - Wrist shot by Anton Slepyshev.
12:53 of 3rd period - Shot Misses the Net.
12:55 of 3rd period - Slapshot by Alexandre Carrier.
12:55 of 3rd period - Shot Misses the Net.
12:57 of 3rd period - Snap shot by Anton Slepyshev.
12:57 of 3rd period - Condors goal is going for a video replay.
12:57 of 3rd period - The goal is good.
12:57 of 3rd period - Goal by Anton Slepyshev - Condors : 6 - Barracuda : 4.
12:58 of 3rd period - Tyler Bozak wins face-off versus Sam Carrick in neutral zone.
13:06 of 3rd period - Off-side.
13:07 of 3rd period - Sam Carrick wins face-off versus Tyler Bozak in neutral zone.
13:10 of 3rd period - Snap shot by Brandon Kozun.
13:10 of 3rd period - Shot Blocked by Carl Gunnarsson.
13:18 of 3rd period - Wrist shot by Daniel Zaar.
13:18 of 3rd period - Stopped by Oscar Dansk without a rebound.
13:19 of 3rd period - Tyler Bozak wins face-off versus Sam Carrick in Barracuda zone.
13:52 of 3rd period - Slapshot by Luca Sbisa.
13:52 of 3rd period - Stopped by Ilya Samsonov without a rebound.
13:53 of 3rd period - Mark Jankowski wins face-off versus Emil Pettersson in Condors zone.
14:14 of 3rd period - Slapshot by Emil Pettersson.
14:14 of 3rd period - Shot Misses the Net.
14:33 of 3rd period - Minor Penalty to Eric Gustafsson for High sticking.
14:34 of 3rd period - Sam Carrick wins face-off versus Tyler Bozak in Condors zone.
14:53 of 3rd period - Icing by William Carrier.
14:54 of 3rd period - Tyler Bozak wins face-off versus Sam Carrick in Barracuda zone.
15:03 of 3rd period - Snap shot by Alex Tuch.
15:03 of 3rd period - Stopped by Oscar Dansk with a rebound.
15:47 of 3rd period - Tyler Bozak is hit by David Shields.
16:03 of 3rd period - Luca Sbisa is hit by Robby Fabbri and loses puck.
16:33 of 3rd period - Penalty to Eric Gustafsson is over, Eric Gustafsson is back on ice.
17:03 of 3rd period - Carl Gunnarsson is hit by Thomas Gobeil and loses puck.
18:02 of 3rd period - Off-side.
18:03 of 3rd period - Theodor Blueger wins face-off versus Mark Jankowski in neutral zone.
18:08 of 3rd period - Snap shot by Chris Wagner.
18:08 of 3rd period - Deflect By Theodor Blueger.
18:08 of 3rd period - Shot Blocked by Anton Slepyshev.
18:08 of 3rd period - Puck is out of play.
18:09 of 3rd period - Theodor Blueger wins face-off versus Louis Leblanc in Condors zone.
18:12 of 3rd period - Snap shot by Theodor Blueger.
18:12 of 3rd period - Deflect By Robby Fabbri.
18:12 of 3rd period - Shot Blocked by Brett Lernout.
18:12 of 3rd period - Puck is out of play.
18:13 of 3rd period - Louis Leblanc wins face-off versus Theodor Blueger in Condors zone.
18:57 of 3rd period - Slapshot by Arturs Kulda.
18:57 of 3rd period - Goal by Arturs Kulda - Condors : 6 - Barracuda : 5.
18:58 of 3rd period - Daniel Zaar wins face-off versus Sam Carrick in neutral zone.
19:03 of 3rd period - Barracuda, Oscar Dansk is pulled from the net.
19:25 of 3rd period - Slapshot by Sam Carrick.
19:25 of 3rd period - Stopped by Ilya Samsonov without a rebound.
19:26 of 3rd period - Dale Hunter call a timeout for Barracuda.
19:26 of 3rd period - Tyler Bozak wins face-off versus Sam Carrick in Condors zone.
19:52 of 3rd period - Minor Penalty to William Carrier for Holding.
19:53 of 3rd period - Oscar Dansk from Barracuda was sent back in the game.
19:53 of 3rd period - Sam Carrick wins face-off versus Tyler Bozak in Barracuda zone.
Goals for this period are 3 for Condors vs 1 for Barracuda.
Shots for this period are 13 for Condors vs 9 for Barracuda.